 Dungeon Crawl Stone Soup version 0.30-a0-42-g806c11bf1d (webtiles) character file.

Game seed: 215812777009267071

3087 SensoryNuts the Cleaver (level 9, 0/102 HPs)
             Began as a Demonspawn Fighter on Aug 30, 2022.
             Slain by Psyche
             ... wielding a +2 dagger of chaos
              (10 damage)
             ... on level 8 of the Dungeon.
             The game lasted 00:08:58 (7828 turns).

SensoryNuts the Cleaver (Demonspawn Fighter)        Turns: 7828, Time: 00:08:59

Health: 0/102      AC:  0    Str: 19 (22) XL:     9   Next: 59%
Magic:  9/9        EV: 14    Int:  6 (9)  God:
Gold:   1446       SH:  0    Dex: 11 (14) Spells: 8/8 levels left

rFire   . . .      SeeInvis .    (weapon currently unavailable)
rCold   . . .      Faith    .    (shield currently unavailable)
rNeg    . . .      Spirit   .    (body armour currently unavailable)
rPois   .          Reflect  .    (helmet unavailable)
rElec   .          Harm     .    (cloak currently unavailable)
rCorr   .          Rampage  .    (gloves currently unavailable)
Will    .....                    (boots currently unavailable)
Stlth   ..........               (no amulet)
HPRegen 0.27/turn                (ring currently unavailable)
MPRegen 0.11/turn                (ring currently unavailable)

@: berserking, lethally poisoned (0 -> -15), pig-form, hasted, very quick
A: fast, no casting, small, (horns 3), (slimy green scales 1), demonic guardian
1, thin skeletal structure 1, no potion heal 1
a: no special abilities


You were on level 8 of the Dungeon.
You were a filthy swine.
You visited 2 branches of the dungeon, and saw 9 of its levels.
You also visited: Ossuary and Bailey.

You collected 1446 gold pieces.

Inventory:

Hand Weapons
 a - a +2 war axe (melded)
Missiles
 g - a throwing net (quivered)
Armour
 b - a +0 scale mail (melded)
 m - a +1 tower shield (melded)
 x - a +0 cloak (melded)
Jewellery
 c - an amulet of faith
 f - a +4 ring of protection (melded)
 u - a ring of poison resistance (melded)
Scrolls
 e - 2 scrolls of immolation
 l - a scroll of fog
 o - 10 scrolls of teleportation
Potions
 d - 2 potions of might
 h - a potion of resistance
 i - a potion of heal wounds
 j - a potion of attraction
 k - a potion of ambrosia
 n - 2 potions of curing
 p - a potion of cancellation
 q - a potion of degeneration
 r - a potion of lignification {unknown}
 s - a potion of mutation
 t - a potion of invisibility {unknown}
 v - a potion of magic {unknown}
 w - a potion of brilliance {unknown}
 z - a potion of berserk rage {unknown}


   Skills:
 + Level 5.2 Fighting
 * Level 9.7 Axes
 + Level 5.0 Armour
 + Level 2.5 Dodging
 + Level 0.1 Stealth
 + Level 5.1 Shields


You had 8 spell levels left.
You didn't know any spells.
Your spell library contained the following spells:

 Spells                   Type           Power      Damage    Failure   Level
 Freeze                   Ice            0%         1d3       45%         1
 Dazzling Flash           Conj/Hex       0%         N/A       83%         3
 Ignite Poison            Fire/Tmut/Pois 0%         N/A       83%         3
 Mephitic Cloud           Conj/Pois/Air  0%         N/A       83%         3
 Portal Projectile        Hex/Tloc       0%         N/A       83%         3
 Tukima's Dance           Hex            0%         N/A       83%         3
 Agony                    Necr           0%         N/A       100%        5
 Blade Hands              Tmut           0%         N/A       100%        5
 Freezing Cloud           Conj/Ice/Air   0%         6-21      100%        5
 Silence                  Hex/Air        0%         N/A       100%        5
 Dispersal                Tloc           0%         N/A       100%        6
 Disjunction              Tloc           0%         N/A       100%        8


Dungeon Overview and Level Annotations

Branches:
Dungeon (8/15)             Temple (1/1) D:5         Ossuary (visited)
 Bailey (visited)
   Lair: D:8-11

Altars:
Ashenzari
Dithmenos
Gozag
Hepliaklqana
Kikubaaqudgha
Nemelex Xobeh
Okawaru
Qazlal
Sif Muna
Uskayaw
Vehumet
Wu Jian

Shops:
D:1 (!?   D:4 :

Annotations:
D:6 3 runed translucent doors, spiderkeys's ghost, novice OpEE
D:8 Psyche


Innate Abilities, Weirdness & Mutations

You are a filthy swine.
You move quickly.
Your equipment is almost entirely melded.
You are incapable of wielding weapons or throwing items.
You cannot cast spells.
((You have a pair of large horns on your head.))
((You are partially covered in slimy green scales. (AC +2)))
A weak demonic guardian rushes to your aid.
You have a somewhat thin skeletal structure. (Dex +2, Stealth+)
Potions are less effective at restoring your health.


Message History

Your +4 ring of protection melds into your body.
Your ring of poison resistance melds into your body.
You hit something. Something hits you!
You are poisoned.
You hit something but do no damage.
You feel very sick. Something hits you!
You are more poisoned.
Unknown command.
You barely miss something.
You feel very sick.
Unknown command.
You miss something.
You feel very sick. Something hits you!
* * * LOW HITPOINT WARNING * * *
A red film seems to cover your vision as you go berserk!
You feel yourself moving faster!
You feel mighty!
Unknown command.
You are too berserk!
Unknown command.
You are too berserk!
You miss something.
You feel very sick. Something hits you.
* * * LOW HITPOINT WARNING * * *
You are more poisoned.
You miss something.
* * * LOW HITPOINT WARNING * * *
You feel sick. Something hits you.
* * * LOW HITPOINT WARNING * * *
A demonic guardian appears!
You feel as though your hastened speed will last longer.
You miss something.
* * * LOW HITPOINT WARNING * * *
You feel very sick.
* * * LOW HITPOINT WARNING * * *
You feel very sick. Something hits you!
You die...

...............##...#.#..
.......######..........##
......#.# #............#
...#.....# #............#
...##.#.#.##...##...###.#
.. .. ....)........#
.##...##...# . #...##5.##
#...$h..# #...##{#..#
..... #.#..# ###. #.#.#.#
# #.#.##.. #.# #.. #.# ##
#.#


You could see a friendly ufetubus (summoned).

Vanquished Creatures
  Eustachio (D:6)
  2 water moccasins (D:7)
  An orc warrior (Bailey)
  An ice beast (D:7)
  2 black bears
  A centaur (D:6)
  2 ogres
  2 phantoms (D:5)
  3 necrophages
  A gnoll sergeant (D:7)
  3 water moccasin zombies (Ossuary)
  4 scorpions
  5 wights
  3 killer bees (D:7)
  An electric eel (Bailey)
  A howler monkey (D:6)
  A centaur zombie (Ossuary)
  A gnoll bouda (D:5)
  2 orc priests
  Terence (D:2)
  Natasha (thrice) (D:2)
  6 iguanas
  2 orc wizards
  A scorpion zombie (Ossuary)
  An ogre zombie (Ossuary)
  12 gnolls
  7 adders
  2 white imps
  An ufetubus (D:7)
  5 adder zombies (Ossuary)
  4 worms
  2 dart slugs
  14 orcs
  7 bats
  3 endoplasms
  6 giant cockroaches
  10 hobgoblins
  7 kobolds
  5 quokkas
  8 ball pythons
  6 frilled lizards
  4 gnoll zombies (Ossuary)
  11 goblins
  A goblin zombie (Ossuary)
  2 hobgoblin zombies (Ossuary)
  4 orc zombies (Ossuary)
  3 rats
175 creatures vanquished.

Vanquished Creatures (collateral kills)
  An ogre (D:5)
  A gnoll (D:5)
  A quokka (D:5)
3 creatures vanquished.

Vanquished Creatures (others)
  An orc wizard (D:5)
  2 plants (D:3)
3 creatures vanquished.

Grand Total: 181 creatures vanquished

Notes
Turn   | Place    | Note
-------+----------+-------------------------------------------
     0 | D:1      | SensoryNuts the Demonspawn Fighter began the quest for the
                  | Orb.
     0 | D:1      | Reached XP level 1. HP: 18/18 MP: 1/1
    52 | D:1      | Found Idghic's Magic Scroll Shoppe.
   358 | D:1      | Gained mutation: You are partially covered in slimy green
                  | scales. (AC +2) [demonic ancestry]
   358 | D:1      | Reached XP level 2. HP: 22/24 MP: 2/2
   394 | D:1      | Found Jakhlia's Distillery.
   568 | D:1      | Found Dauxtus's Antique Weapon Emporium.
   650 | D:1      | Identified a scroll of acquirement
   650 | D:1      | Acquired 889 gold pieces
   658 | D:2      | Reached skill level 2 in Axes
   728 | D:2      | Gained mutation: You have a pair of small horns on your
                  | head. [demonic ancestry]
   728 | D:2      | Reached XP level 3. HP: 29/29 MP: 3/3
   789 | D:2      | Identified the +3 ring mail of the Eternal Void {SInv}
   959 | D:2      | Noticed Natasha
   970 | D:2      | Killed Natasha
   971 | D:2      | Reached skill level 3 in Axes
   971 | D:2      | Gained mutation: You have a pair of horns on your head.
                  | [demonic ancestry]
   971 | D:2      | Reached XP level 4. HP: 26/35 MP: 4/4
  1085 | D:2      | Noticed Natasha
  1104 | D:2      | Killed Natasha
  1113 | D:2      | Noticed Natasha
  1120 | D:2      | Killed Natasha
  1353 | D:2      | Noticed Terence
  1359 | D:2      | Killed Terence
  1360 | D:2      | Reached XP level 5. HP: 41/41 MP: 5/5
  1632 | D:3      | Reached skill level 4 in Axes
  1649 | D:3      | Reached skill level 1 in Dodging
  2202 | D:3      | Found a hazy altar of Hepliaklqana.
  2210 | D:3      | Found a shadowy altar of Dithmenos.
  2384 | D:3      | Noticed a shadow
  2489 | D:3      | Reached XP level 6. HP: 47/47 MP: 6/6
  2755 | D:4      | Found a sand-covered staircase.
  2863 | Ossuary  | Entered an ossuary
  3128 | Ossuary  | Reached skill level 5 in Axes
  3353 | Ossuary  | Gained mutation: A weak demonic guardian rushes to your
                  | aid. [demonic ancestry]
  3353 | Ossuary  | Reached XP level 7. HP: 54/54 MP: 7/7
  3442 | Ossuary  | Reached skill level 6 in Axes
  3465 | Ossuary  | Noticed a silent spectre
  4181 | D:4      | Found Enyhikko's Tremendous Tomes.
  4340 | D:5      | Entered Level 5 of the Dungeon
  4341 | D:5      | Found a staircase to the Ecumenical Temple.
  4377 | Temple   | Entered the Ecumenical Temple
  4562 | D:5      | Gained mutation: You have a pair of large horns on your
                  | head. [demonic ancestry]
  4562 | D:5      | Reached XP level 8. HP: 51/60 MP: 8/8
  4654 | D:5      | Reached skill level 7 in Axes
  4706 | D:5      | Found a stormy altar of Qazlal.
  5122 | D:5      | Reached skill level 8 in Axes
  5375 | D:5      | Found a shimmering blue altar of Sif Muna.
  5415 | D:5      | Got Sif Muna's Atlas of Frostbite
  5705 | D:6      | Found a runed translucent gate.
  5705 | D:6      | Noticed spiderkeys's ghost (novice OpEE)
  5706 | D:6      | Found a runed translucent gate.
  5707 | D:6      | Found a runed translucent gate.
  5888 | D:6      | Found a broken altar of Ashenzari.
  6274 | D:6      | Noticed Eustachio
  6285 | D:6      | Killed Eustachio
  6286 | D:6      | Reached XP level 9. HP: 62/67 MP: 9/9
  6665 | D:7      | Found a flagged portal.
  6684 | Bailey   | Entered a bailey
  7226 | D:7      | Reached skill level 9 in Axes
  7258 | D:7      | Reached skill level 5 in Fighting
  7315 | D:7      | Reached skill level 5 in Shields
  7568 | D:7      | Reached skill level 5 in Armour
  7788 | D:7      | Gained mutation: Potions are less effective at restoring
                  | your health. [potion of mutation]
  7788 | D:7      | Gained mutation: You have a somewhat thin skeletal
                  | structure. (Dex +2, Stealth+) [potion of mutation]
  7814 | D:8      | Noticed Psyche
  7828 | D:8      | Slain by Psyche

Illustrated notes

Levels and vault maps discovered:
D:1:      dpeg_arrival_tiny_i, layout_rooms, serial_shops,
          nicolae_shop_window_shopping, nicolae_lakefront_shop, shop
D:2:      minmay_general_purpose_star, layout_rooms,
          hangedman_abyss_or_decor_lesser_grid, uniq_terence, uniq_natasha
D:3:      layout_basic, riverfiend_overflow_shadow_ancestor, tso_metal_star,
          gup_sewer_entry_spiral, kennysheep_cross_room,
          minmay_misc_feat_secret_circle, serial_bayou_lagoon_a,
          minmay_goblin_kobold_house
D:4:      wander_river, layout_basic, nicolae_ossuary_entry_ruins,
          nicolae_shop_i_like_big_books
D:5:      layout_loops_ring, led_sif_book, mainiacjoe_overflow_tiny_flanked,
          minmay_temple_entry_tees, minmay_joined_circles
D:6:      layout_basic, lemuel_tele_altar, evilmike_ruin_ashenzari,
          serial_curves, eino_curves_04, eino_curves_02, gammafunk_ghost_split,
          grunt_decor_one_mirror, uniq_eustachio
D:7:      layout_rooms, enter_bailey_2
D:8:      layout_loops_ring, lemuel_crystal_altar, old_standard_altar,
          chequers_serial_rivers_micro_b, uniq_psyche
Temple:   nicolae_temple_great_sept

Skill      XL: |  1  2  3  4  5  6  7  8  9 |
---------------+----------------------------+-----
Axes           | 2 3 4 5 6 8 9 |  9.7
Shields        | 3 4 5 |  5.1
Armour         | 3 4 5 |  5.0
Dodging        | 1 2 |  2.5
Fighting       | 4 5 |  5.2
Stealth        | |  0.1

Action                   |  1- 3 |  4- 6 |  7- 9 || total
-------------------------+-------+-------+-------++-------
Melee: War axe           |    83 |   179 |   286 ||   548
       Headbutt          |     5 |    27 |    49 ||    81
       Unarmed           |       |       |     7 ||     7
  Use: Scroll            |     4 |       |    12 ||    16
       Potion            |       |     2 |    13 ||    15
Armor: Scale mail        |    49 |   118 |   161 ||   328
Dodge: Dodged            |    43 |    74 |    51 ||   168
Block: Buckler           |    22 |    29 |       ||    51
       Tower shield      |       |   101 |   243 ||   344

Table legend: (Time is in decaauts)
 A = Elapsed time spent in this place.
 B = Non-inter-level travel time spent in this place.
 C = Inter-level travel time spent in this place.
 D = Time resting spent in this place.
 E = Time spent auto-exploring this place.
 F = Levels seen in this place.
 G = Mean time per level.
                   A        B        C        D        E       F      G
               +--------+--------+--------+--------+--------+-----+--------+
         Total |   8102 |   7651 |    451 |      0 |   6163 |  11 |  736.5 |
       Dungeon |   7003 |   6552 |    451 |      0 |   5308 |   8 |  875.4 |
        Temple |    104 |    104 |      0 |      0 |     81 |   1 |  104.0 |
       Ossuary |    689 |    689 |      0 |      0 |    534 |   1 |  689.0 |
        Bailey |    305 |    305 |      0 |      0 |    240 |   1 |  305.0 |
               +--------+--------+--------+--------+--------+-----+--------+

Top non-repeatable levels by time:
     D:3: 1379 daAuts
     D:5: 1276 daAuts
     D:7: 1070 daAuts
     D:4: 977 daAuts
     D:2: 842 daAuts
     D:6: 756 daAuts
 Ossuary: 689 daAuts
     D:1: 667 daAuts
  Bailey: 305 daAuts
  Temple: 104 daAuts
     D:8: 34 daAuts
